 Dungeon Crawl Stone Soup version 0.28.0-53-g5a82cb258f (webtiles) character file.

Game seed: 13656706032635238650

819 Descartes the Grasshopper (level 7, -1/51 HPs)
             Began as a Barachi Warper on June 1, 2022.
             Was a Follower of Cheibriados.
             Splashed by a jelly's acid (6 damage)
             ... on level 6 of the Dungeon.
             The game lasted 00:08:31 (6730 turns).

Descartes the Grasshopper (Barachi Warper)          Turns: 6730, Time: 00:08:33

Health: -1/51      AC: -9    Str: 24    XL:     7   Next: 95%
Magic:  10/10      EV: 12    Int: 16    God:    Cheibriados [*.....]
Gold:   272        SH:  0    Dex: 14    Spells: 10/10 levels left

rFire   . . .      SeeInvis .   x - +4 mace (drain)
rCold   . . .      Faith    .   (no shield)
rNeg    + . .      Spirit   .   y - +2 robe {rN+}
rPois   .          Reflect  .   w - +0 helmet
rElec   .          Harm     .   (no cloak)
rCorr   .          Rampage  .   i - +0 pair of gloves
Will    .....                   (no boots)
Stlth   +.........              (no amulet)
HPRegen 0.17/turn               l - +6 ring of strength
MPRegen 0.12/turn               (no ring)

@: corroded, very slow
A: amphibious, slowness 1, strong legs 1, +LOS
a: Hop, Renounce Religion, Bend Time


You were on level 6 of the Dungeon.
You worshipped Cheibriados.
Cheibriados was aware of your devotion.
You visited 1 branch of the dungeon, and saw 6 of its levels.

You collected 272 gold pieces.

Inventory:

Hand Weapons
 a - a +0 falchion
 b - a +0 long sword
 x - a +4 mace of draining (weapon)
 B - a +0 shortbow
Missiles
 d - 5 boomerangs of dispersal (quivered)
 f - 132 stones
 g - 59 arrows
 j - 5 poisoned darts
 p - 44 bolts
 v - 6 atropa-tipped darts
Armour
 i - a +0 pair of gloves (worn)
 r - a +0 scale mail
 w - a +0 helmet (worn)
 y - a +2 robe of positive energy (worn)
 A - a +0 chain mail
Jewellery
 l - a +6 ring of strength (left hand)
Wands
 k - a wand of charming (15)
 u - a wand of flame (10)
 D - a wand of paralysis (5)
Scrolls
 c - a scroll of blinking
 e - a scroll of noise {unknown}
 h - 6 scrolls of identify {unknown}
 s - a scroll of immolation {unknown}
 C - a scroll of silence {unknown}
 E - a scroll of magic mapping {unknown}
Potions
 m - 5 potions of heal wounds {unknown}
 n - 2 potions of attraction {unknown}
 o - 2 potions of curing {unknown}
 q - 3 potions of magic {unknown}
 t - 3 potions of brilliance {unknown}
 z - 2 potions of invisibility {unknown}


   Skills:
 - Level 2.4 Fighting
 + Level 5.6 Long Blades
 - Level 1.0 Throwing
 + Level 5.1 Armour
 - Level 2.1 Dodging
 + Level 4.5 Shields
 - Level 2.1 Spellcasting
 + Level 5.7 Translocations


You had 10 spell levels left.
You didn't know any spells.
Your spell library contained the following spells:

 Spells                   Type           Power      Damage    Failure   Level
 Blink                    Tloc           40%        N/A       3%          2
 Gell's Gravitas          Tloc           20%        N/A       6%          3
 Lesser Beckoning         Tloc           20%        N/A       6%          3
 Teleport Other           Tloc           20%        N/A       6%          3
 Ensorcelled Hibernation  Hex/Ice        2%         N/A       30%         2
 Passwall                 Tmut/Erth      0%         N/A       30%         2
 Manifold Assault         Tloc           20%        N/A       47%         5
 Swiftness                Air            1%         N/A       52%         3
 Summon Ice Beast         Ice/Summ       1%         N/A       90%         4
 Summon Mana Viper        Hex/Summ       1%         N/A       99%         5
 Monstrous Menagerie      Summ           0%         N/A       100%        7


Dungeon Overview and Level Annotations

Branches:
Dungeon (6/15)
 Temple: D:4-7

Altars:
Cheibriados
Dithmenos
Fedhas
Nemelex Xobeh
Trog
Yredelemnul
Zin


Innate Abilities, Weirdness & Mutations

You are amphibious.
You cover ground slowly.
You can hop short distances.
You have an extended range of vision and can be seen from far away.


Message History

You hear a distant slurping noise.
p - 44 bolts (gained 13)
Found a robe.
An iguana comes into view.
The iguana hisses angrily.
A howler monkey skeleton comes into view.
You sock the howler monkey skeleton!
The howler monkey skeleton is moderately damaged.
A jelly comes into view.
The howler monkey skeleton hits you.
The jelly quivers.
You sock the howler monkey skeleton!
You destroy the howler monkey skeleton!
Cheibriados appreciates the change of pace.
The iguana bites you!
You sock the iguana!
The iguana is severely wounded.
The iguana barely misses you.
You barely miss the iguana.
The iguana is severely wounded.
The iguana misses you.
You hit the iguana.
You kill the iguana!
Cheibriados appreciates the change of pace.
The jelly hits you. The acid corrodes you!
You are splashed with acid!
The jelly hits you but does no damage.
You see here an iguana corpse.
You sock the jelly! You drain the jelly.
Your hands burn!
The jelly is heavily wounded.
The jelly hits you. The acid corrodes you!
You are splashed with acid!
The jelly hits you.
You are splashed with acid!
* * * LOW HITPOINT WARNING * * *
You are too injured to fight recklessly!
You hit the jelly. The acid corrodes you!
Your hands burn!
* * * LOW HITPOINT WARNING * * *
The jelly is severely wounded.
The jelly hits you.
* * * LOW HITPOINT WARNING * * *
The acid corrodes you!
You are splashed with acid.
You die...

#.#####.####..##.####
#.# ##.##.####.##.
#.# #............ #..
#..#.####.## ...
#..#.# # ...
#..#.####.#.# ....
#............ .....
##........#[#
##.@.#####
........J.......#
....###...####### ##
##... ..... ..=...
....... .........
.....#....


You could see a jelly (drained).

Vanquished Creatures
  A water moccasin (D:5)
  A sky beast (D:6)
  A black bear (D:5)
  A centaur (D:5)
  A scorpion (D:4)
  A jelly (D:6)
  A gnoll shaman (D:6)
  An orc priest (D:4)
  A centaur skeleton (D:5)
  A bullfrog skeleton (D:5)
  2 iguanas
  An orc wizard (D:4)
  A scorpion zombie (D:5)
  4 gnolls
  3 adders
  A howler monkey skeleton (D:6)
  An ufetubus (D:5)
  An adder skeleton (D:5)
  2 worms
  A dart slug (D:3)
  2 orcs (D:4)
  4 bats
  6 endoplasms
  2 giant cockroaches (D:2)
  5 goblins
  4 hobgoblins
  7 kobolds
  A quokka (D:1)
  7 ball pythons
  12 frilled lizards
  7 rats
84 creatures vanquished.

Vanquished Creatures (others)
  4 plants (D:4)
4 creatures vanquished.

Grand Total: 88 creatures vanquished

Notes
Turn   | Place    | Note
-------+----------+-------------------------------------------
     0 | D:1      | Descartes the Barachi Warper began the quest for the Orb.
     0 | D:1      | Reached XP level 1. HP: 17/17 MP: 3/3
   667 | D:1      | Reached XP level 2. HP: 16/23 MP: 5/5
  1257 | D:2      | Reached skill level 1 in Shields
  1465 | D:2      | Reached XP level 3. HP: 11/28 MP: 6/6
  2169 | D:2      | Found a faded altar of an unknown god.
  2293 | D:2      | Reached XP level 4. HP: 12/34 MP: 7/7
  4053 | D:4      | Found a snail-covered altar of Cheibriados.
  4053 | D:4      | Found a glowing silver altar of Zin.
  4062 | D:4      | Found a blossoming altar of Fedhas.
  4065 | D:4      | Became a worshipper of Cheibriados the Contemplative
  4073 | D:4      | Found a bloodstained altar of Trog.
  4075 | D:4      | Found a basalt altar of Yredelemnul.
  4082 | D:4      | Found a shadowy altar of Dithmenos.
  4154 | D:4      | Noticed a scorpion
  4169 | D:4      | Killed a scorpion
  4170 | D:4      | Reached XP level 5. HP: 21/39 MP: 8/8
  4911 | D:4      | Found a sparkling altar of Nemelex Xobeh.
  5191 | D:4      | Reached XP level 6. HP: 40/46 MP: 9/9
  5278 | D:5      | Entered Level 5 of the Dungeon
  5280 | D:5      | Noticed a water moccasin
  5286 | D:5      | Killed a water moccasin
  5292 | D:5      | Reached * piety under Cheibriados
  5436 | D:5      | Noticed a black bear
  5449 | D:5      | Killed a black bear
  5450 | D:5      | Reached skill level 5 in Translocations
  5450 | D:5      | Reached XP level 7. HP: 48/51 MP: 10/10
  5509 | D:5      | Reached skill level 5 in Long Blades
  6571 | D:6      | Reached skill level 5 in Armour
  6730 | D:6      | Splashed by a jelly's acid

Illustrated notes

Levels and vault maps discovered:
D:1:      psy_arrival_heroes, layout_loops_corners
D:2:      layout_loops_ring, hellmonk_ecumenical_altar_prayer_group
D:3:      layout_basic
D:4:      layout_loops_ring, nicolae_overflow_hallway_of_the_gods,
          nemelex_xobeh_ov_fountains_minmay, minmay_lizard_king
D:5:      layout_rooms, hangedman_decor_push
D:6:      layout_basic, minmay_temple_entry_tees, minmay_microvault,
          uniq_menkaure

Skill      XL: |  1  2  3  4  5  6  7 |
---------------+----------------------+-----
Shields        | 1 2 3 4 |  4.5
Long Blades    | 3 4 5 |  5.6
Armour         | 2 3 4 5 |  5.1
Translocations | 4 5 |  5.7
Fighting       | |  2.4
Throwing       | |  1.0
Dodging        | |  2.1
Spellcasting   | |  2.1

Action                   |  1- 3 |  4- 6 |  7- 9 || total
-------------------------+-------+-------+-------++-------
Melee: Falchion          |   129 |   119 |       ||   248
       Punch             |     1 |     2 |     1 ||     4
       Mace              |       |    29 |    66 ||    95
 Abil: Hop               |       |     1 |       ||     1
Armor: Leather armour    |    10 |       |       ||    10
       Ring mail         |    40 |    18 |       ||    58
       Scale mail        |       |    35 |       ||    35
       Robe              |       |    12 |    33 ||    45
Dodge: Dodged            |    77 |    96 |    54 ||   227
